 Dungeon Crawl Stone Soup version 0.21.1-1-g345015f (webtiles) character file.

15 tidbits the Grave Robber (level 2, -18/20 HPs)
             Began as a Gnoll Necromancer on June 16, 2018.
             Demolished by an ogre
             ... wielding a +0 giant club
              (30 damage)
             ... on level 4 of the Dungeon.
             The game lasted 00:02:49 (358 turns).

tidbits the Grave Robber (Gnoll Necromancer)         Turns: 358, Time: 00:02:50

Health: -18/20     AC:  3    Str: 10    XL:     2   Next: 50%
Magic:  7/7        EV: 14    Int: 17    God:
Gold:   41         SH:  0    Dex: 15    Spells: 8/10 levels left

rFire    . . .     SeeInvis .   a - +0 dagger
rCold    . . .     Gourm    .   (no shield)
rNeg     . . .     Faith    .   g - +0 robe
rPois    .         Spirit   .   E - +0 helmet
rElec    .         Reflect  .   (no cloak)
rCorr    .         Harm     .   (no gloves)
MR       .....                  (no boots)
Stlth    +++.......             (no amulet)
HPRegen  0.06/turn              (no ring)
MPRegen  0.10/turn              (no ring)

@: no status effects
A: distributed training, fangs 1, strong nose
a: no special abilities


You were on level 4 of the Dungeon.
You were not hungry.

You visited 1 branch of the dungeon, and saw 5 of its levels.

You collected 41 gold pieces.

Inventory:

Hand Weapons
 a - a +0 dagger (weapon)
 e - a +0 club
Missiles
 i - 28 sling bullets
 j - 3 poisoned javelins (quivered)
Armour
 g - a +0 robe (worn)
 E - a +0 helmet (worn)
Scrolls
 d - a scroll of amnesia {unknown}
 f - a scroll of remove curse {unknown}
 h - a scroll of fear {unknown}
Books
 b - a book of Necromancy

   Spells                             Type                      Level
   a - Pain                           Necromancy                   1
   b - Animate Skeleton               Necromancy                   1
   c - Vampiric Draining              Necromancy                   3
   d - Regeneration                   Charms/Necromancy            3
   e - Animate Dead                   Necromancy                   4
   f - Borgnjor's Vile Clutch         Necromancy/Earth             5
Comestibles
 c - 2 rations


   Skills:
 + Level 0.4 Fighting
 + Level 0.4 Short Blades
 + Level 0.4 Long Blades
 + Level 0.4 Axes
 + Level 0.4 Maces & Flails
 + Level 0.4 Polearms
 + Level 0.4 Staves
 + Level 0.4 Slings
 + Level 0.4 Bows
 + Level 0.4 Crossbows
 + Level 0.4 Throwing
 + Level 0.4 Armour
 + Level 4.5 Dodging
 + Level 4.1 Stealth
 + Level 0.4 Shields
 + Level 0.4 Unarmed Combat
 + Level 4.9 Spellcasting
 + Level 0.2 Conjurations
 + Level 0.2 Hexes
 + Level 0.2 Charms
 + Level 0.2 Summonings
 + Level 7.0 Necromancy
 + Level 0.2 Translocations
 + Level 0.2 Transmutations
 + Level 0.2 Fire Magic
 + Level 0.2 Ice Magic
 + Level 0.2 Air Magic
 + Level 0.2 Earth Magic
 + Level 0.2 Poison Magic
 + Level 0.5 Invocations
 + Level 0.4 Evocations


You had 8 spell levels left.
You knew the following spells:

 Your Spells              Type           Power        Failure   Level  Hunger
a - Pain                  Necr           ####         1%          1    None
n - Animate Skeleton      Necr           N/A          1%          1    None


Dungeon Overview and Level Annotations

Branches:
Dungeon (5/15)
 Temple: D:4-7

Altars:

Annotations:
D:3 diana's ghost, amateur TeFi


Innate Abilities, Weirdness & Mutations

Your experience applies equally to all skills.
You have very sharp teeth.
Your uncanny sense of smell can sniff out nearby items.


Message History

The goblin shouts!
The goblin writhes in agony!
You kill the goblin!
The frilled lizard hisses angrily.
The hobgoblin shouts!
The frilled lizard moves out of view.
A rat comes into view.
Casting: Pain
Confirm with . or Enter, or press ? or * to list all spells.
Aiming: Pain
Press: ? - help, Shift-Dir - straight line, f - rat
Aim: a rat (chance to defeat MR: 93%)
The rat writhes in agony!
You kill the rat!
Casting: Pain
Confirm with . or Enter, or press ? or * to list all spells.
Aiming: Pain
Press: ? - help, Shift-Dir - straight line, f - hobgoblin
Aim: a hobgoblin, wielding a club (chance to defeat MR: 93%)
The hobgoblin writhes in agony!
You kill the hobgoblin!
Casting: Pain
Confirm with . or Enter, or press ? or * to list all spells.
Aiming: Pain
Press: ? - help, Shift-Dir - straight line, f - frilled lizard
Aim: a frilled lizard (chance to defeat MR: 93%)
The frilled lizard writhes in agony!
You kill the frilled lizard!
You see here 20 gold pieces.
You now have 23 gold pieces (gained 20).
There is a stone staircase leading up here.
You see here a club.
You see here a dagger.
g - a dagger Wield which item (- for none, * to show all)? (? for menu, Esc to quit)
g - a +0 dagger (weapon)
Adjust (i)tems, (s)pells, or (a)bilities?
Adjust which item? (? for menu, Esc to quit)
g - a +0 dagger (weapon)
Adjust to which letter? (? for menu, Esc to quit)
a - a +0 dagger (weapon);
g - a +0 robe (worn)
You see here a scroll labeled ULIUWIRUGU.
h - a scroll labeled ULIUWIRUGU You see here a club.
There is a stone staircase leading up here.
You climb upwards.
Found a short sword.
There is a stone staircase leading down here.
Unknown command.
Found 8 stones.
Found 9 gold pieces.
You see here 9 gold pieces.
You now have 32 gold pieces (gained 9).
There is a stone staircase leading down here.
You climb downwards.
There is a stone staircase leading up here.
Unknown command.
Found 28 sling bullets.
Unknown command.
You see here 28 sling bullets.
i - 28 sling bullets
Found 4 gold pieces.
Found 9 gold pieces.
You see here 9 gold pieces.
You now have 41 gold pieces (gained 9).
Memorise Animate Skeleton, consuming 1 spell level and leaving 8?
You start memorising the spell.
You continue memorising.
You finish memorising.
Spell assigned to 'n'.
Found a stone staircase leading down.
There is a stone staircase leading down here.
Found a ration.
Found 16 bolts.
Found a scale mail.
You see here a ration.
c - 2 rations (gained 1)
There is a stone staircase leading down here.
You climb downwards.
There is a stone staircase leading up here.
Unknown command.
Found 3 poisoned javelins.
Found 22 stones.
You see here 3 poisoned javelins.
j - 3 poisoned javelins Quiver which item? (- for none, * to show all) (? for menu, Esc to quit)
Quivering
j - 3 poisoned javelins for throwing.
Found a stone staircase leading down.
There is a stone staircase leading down here.
You climb downwards.
Found 9 gold pieces.
There is a stone staircase leading up here.
Unknown command.
Found a ring mail.
There is a stone staircase leading up here.
You climb upwards.
There is a stone staircase leading down here.
Unknown command.
An ogre comes into view. It is wielding a giant club.
The ogre shouts!
The ogre hits you with a giant club!!
Ouch! That really hurt!
You die...

...############
.............>#
######.#####.###
...#.# #.#.. #O#.###
#.#.###
#.@...###.#.#(.
#.........#.#.#####
#.........#.#.#...#
#.......#.#.#.#.#.#
........#...#.#.#.#
.......#.#.#...#<#.#
........#...#.#####.#
......#...#.#.#.....#
.#.#...#.#.#.##..#


You could see an ogre.

Vanquished Creatures
  5 goblins
  3 hobgoblins
  2 bats
  2 frilled lizards
  2 rats
14 creatures vanquished.

Notes
Turn   | Place    | Note
-------+----------+-------------------------------------------
     0 | D:1      | tidbits the Gnoll Necromancer began the quest for the Orb.
     0 | D:1      | Reached XP level 1. HP: 13/13 MP: 6/6
    94 | D:1      | Reached XP level 2. HP: 5/19 MP: 0/7
   270 | D:3      | Noticed diana's ghost (amateur TeFi)
   270 | D:3      | Learned a level 1 spell: Animate Skeleton
   345 | D:5      | Entered Level 5 of the Dungeon
   358 | D:4      | Noticed an ogre
   358 | D:4      | Demolished by an ogre

Action                   || total
-------------------------++-------
Melee: Club              ||     5
       Unarmed           ||     1
 Cast: Pain              ||    21
Armor: Robe              ||     4
Dodge: Dodged            ||     7

Table legend:
 A = Turns spent in this place as a percentage of turns spent in the entire game.
 B = Non-inter-level travel turns spent in this place as a percentage of non-inter-level travel turns spent in the entire game.
 C = Inter-level travel turns spent in this place as a percentage of turns spent in this place.
 D = Turns resting spent in this place as a percentage of non-inter-level travel turns spent in this place.
 E = Turns spent auto-exploring this place as a percentage of non-inter-level travel turns spent in this place.
 F = Non-inter-level travel turns spent in this place divided by the number of levels of this place that you've seen.
                   A       B       C       D       E      F
               +-------+-------+-------+-------+-------+----------------------
         Total | 100.0 | 100.0 |   0.0 |   0.0 |   0.0 |  71.6
       Dungeon | 100.0 | 100.0 |   0.0 |   0.0 |   0.0 |  71.6
               +-------+-------+-------+-------+-------+----------------------

Table legend:
 A = Kills in this place as a percentage of kills in entire the game.
 B = Kills by you in this place as a percentage of kills by you in the entire game.
 C = Kills by friends in this place as a percentage of kills by friends in the entire game.
 D = Other kills in this place as a percentage of other kills in the entire game.
 E = Experience gained in this place as a percentage of experience gained in the entire game.
 F = Experience gained in this place divided by the number of levels of this place that you have seen.
                   A       B       C       D       E      F
               +-------+-------+-------+-------+-------+----------------------
         Total | 100.0 | 100.0 |   N/A |   N/A | 100.0 |   4.4
       Dungeon | 100.0 | 100.0 |   N/A |   N/A | 100.0 |   4.4
               +-------+-------+-------+-------+-------+----------------------

Vault maps used:
D:1:      minmay_arrival_checkered_box
D:3:      lemuel_castle_with_subvaults, minmay_distorted
D:4:      kennysheep_big_flooded_room, minmay_temple_entry_trees, first_ration,
          minmay_stone_trees_small
